 Dungeon Crawl Stone Soup version 0.26-a0-962-g9b92081034 (webtiles) character file.

Game seed: 15310557383430611592

196696 KristoblXynda the Spry (level 17, -3/139 HPs)
             Began as a Spriggan Berserker on Dec 2, 2020.
             Was the Champion of Trog.
             Slain by a vampire knight
             ... wielding a +1 war axe of electrocution
              (13 damage)
             ... on level 1 of the Depths on Dec 3, 2020.
             The game lasted 01:55:47 (41606 turns).

KristoblXynda the Spry (Spriggan Berserker)        Turns: 41606, Time: 01:55:47

Health: -3/139     AC: 16    Str: 13    XL:     17   Next: 75%
Magic:  18/18      EV: 36    Int: 17    God:    Trog [******]
Gold:   3005       SH:  9    Dex: 18    Spells: 16/16 levels left

rFire    . . .     SeeInvis +   p - +8 short sword of Hubris {flame, rC+ Int+4 Stlth+}
rCold    + . .     Faith    .   l - +0 buckler
rNeg     + . .     Spirit   .   m - +0 swamp dragon scales
rPois    +         Reflect  .   H - +0 mask of the Dragon {MR+ Slay+3 SInv}
rElec    .         Harm     .   D - +1 cloak
rCorr    .         Rampage  .   (gloves unavailable)
MR       +++..                  (boots unavailable)
Stlth    ..........             t - amulet of regeneration
HPRegen  0.73/turn              O - ring of Twilight {rN+ EV+4}
MPRegen  0.16/turn              A - +4 ring of protection

@: berserking, studying Shields, very quick
A: very small, unfitting armour, see invisible, speed 3
}: 1/15 runes: decaying
a: Berserk, Trog's Hand, Brothers in Arms, Renounce Religion


You were on level 1 of the Depths.
You worshipped Trog.
Trog was exalted by your worship.
You visited 6 branches of the dungeon, and saw 29 of its levels.
You also visited: Gauntlet and Ice Cave.

You collected 3294 gold pieces.
You spent 289 gold pieces at shops.

Inventory:

Hand Weapons
 p - the +8 short sword of Hubris (weapon) {flame, rC+ Int+4 Stlth+}
   (You found it on level 6 of the Dungeon)

   It has been specially enchanted to burn those struck by it, causing extra
   injury to most foes and up to half again as much damage against particularly
   susceptible opponents.
   It affects your intelligence (+4).
   It protects you from cold.
   It makes you more stealthy.
 E - a +5 quick blade
Armour
 l - a +0 buckler (worn)
 m - +0 swamp dragon scales (worn)
 q - the +0 cloak of Muttered Phrases {+Inv +Fly rC++ Dex-4}
   (You acquired it on level 14 of the Dungeon)

   It affects your dexterity (-4).
   It greatly protects you from cold.
   It lets you turn invisible.
   It lets you fly.
 D - a +1 cloak (worn)
 H - the +0 mask of the Dragon (worn) {MR+ Slay+3 SInv}
   (You found it on level 6 of the Lair of Beasts)

   It affects your accuracy and damage with ranged weapons and melee attacks
   (+3).
   It affects your resistance to hostile enchantments.
   It lets you see invisible.
Jewellery
 t - an amulet of regeneration (around neck)
 A - a +4 ring of protection (right hand)
 O - the ring of Twilight (left hand) {rN+ EV+4}
   (You found it on level 4 of the Swamp)

   [ring of evasion]

   It affects your evasion (+4).
   It protects you from negative energy.
Wands
 h - a wand of acid (11)
 x - a wand of iceblast (17)
 y - a wand of digging (11)
 z - a wand of paralysis (5)
Scrolls
 c - 9 scrolls of teleportation
 g - a scroll of fog
 i - 12 scrolls of identify
 k - 14 scrolls of remove curse
 n - 3 scrolls of enchant armour
 o - 6 scrolls of amnesia
 F - a scroll of immolation
 J - 2 scrolls of fear
Potions
 a - 6 potions of ambrosia
 b - 2 potions of invisibility
 d - 2 potions of berserk rage
 e - 9 potions of mutation
 f - 13 potions of curing
 j - 3 potions of cancellation
 r - 6 potions of haste
 s - 3 potions of flight
 u - 6 potions of might
 v - 4 potions of magic
 B - a potion of lignification
 L - a potion of resistance
 M - 2 potions of heal wounds
 N - a potion of brilliance
Books
 C - a manual of Shields
Miscellaneous
 w - a phial of floods
 I - a lightning rod (4/4)


   Skills:
 + Level 11.7 Fighting
 + Level 16.9 Short Blades
 + Level 10.6 Armour
 + Level 19.2 Dodging
 - Level 14.0 Stealth
 - Level 9.4 Shields
 - Level 10.0 Evocations


You had 16 spell levels left.
You didn't know any spells.
Your spell library contained the following spells:

 Spells                   Type           Power        Failure   Level
 Apportation              Tloc           #.....       38%         1
 Foxfire                  Conj/Fire      #...         38%         1
 Magic Dart               Conj           #...         38%         1
 Shock                    Conj/Air       #...         38%         1
 Sting                    Tmut/Pois      #...         38%         1
 Summon Small Mammal      Summ           #...         38%         1
 Blink                    Tloc           N/A          54%         2
 Call Imp                 Summ           #.......     54%         2
 Corpse Rot               Necr/Air       N/A          54%         2
 Searing Ray              Conj           #.....       54%         2
 Swiftness                Air            #.......     54%         2
 Call Canine Familiar     Summ           #.......     77%         3
 Conjure Flame            Conj/Fire      #.......     77%         3
 Dazzling Flash           Conj/Hex       #.....       77%         3
 Gell's Gravitas          Tloc           #.........   77%         3
 Ignite Poison            Fire/Tmut/Pois #.......     77%         3
 Inner Flame              Hex/Fire       #.......     77%         3
 Lesser Beckoning         Tloc           #.........   77%         3
 Mephitic Cloud           Conj/Pois/Air  #.......     77%         3
 Static Discharge         Conj/Air       #.......     77%         3
 Stone Arrow              Conj/Erth      #.....       77%         3
 Summon Guardian Golem    Hex/Summ       #.......     77%         3
 Teleport Other           Tloc           #.......     77%         3
 Tukima's Dance           Hex            #.......     77%         3
 Airstrike                Air            #.........   99%         4
 Fulminant Prism          Conj/Hex       #.........   99%         4
 Iskenderun's Mystic Bla  Conj/Tloc      #.......     99%         4
 Leda's Liquefaction      Hex/Erth       #.........   99%         4
 Sticky Flame             Conj/Fire      #.......     99%         4
 Summon Ice Beast         Ice/Summ       #.......     99%         4
 Summon Lightning Spire   Summ/Air       #.......     99%         4
 Bolt of Magma            Conj/Fire/Erth #.........   100%        5
 Fireball                 Conj/Fire      #.........   100%        5
 Irradiate                Conj/Tmut      #.........   100%        5
 Iskenderun's Battlesphe  Conj           #.......     100%        5
 Lightning Bolt           Conj/Air       #.........   100%        5
 Metabolic Englaciation   Hex/Ice        #.........   100%        5
 Summon Forest            Summ/Tloc      #.........   100%        5
 Yara's Violent Unravell  Hex/Tmut       #.........   100%        5
 Dispersal                Tloc           #.........   100%        6
 Eringya's Noxious Bog    Tmut/Pois      #.........   100%        6
 Hydra Form               Tmut           #.........   100%        6
 Iron Shot                Conj/Erth      #.........   100%        6
 Statue Form              Tmut/Erth      #........    100%        6
 Dragon Form              Tmut           #.........   100%        7
 Orb of Destruction       Conj           #.........   100%        7
 Spellforged Servitor     Conj/Summ      #.........   100%        7
 Summon Hydra             Summ           #.........   100%        7
 Chain Lightning          Conj/Air       #.........   100%        8
 Lehudib's Crystal Spear  Conj/Erth      #.........   100%        8
 Absolute Zero            Ice            #.........   100%        9
 Fire Storm               Conj/Fire      #.........   100%        9
 Shatter                  Erth           #.........   100%        9


Dungeon Overview and Level Annotations

Branches:
Dungeon (15/15)            Temple (1/1) D:5            Lair (6/6) D:8
  Swamp (4/4) Lair:3        Snake (0/4) Lair:4        Slime (0/5) Lair:5
    Orc (2/2) D:12            Elf (0/3) Orc:2        Vaults (0/5) D:13
 Depths (1/5) D:15          IceCv (visited)         Gauntlet (visited)

Altars:
Ashenzari
Cheibriados
Dithmenos
Elyvilon
Fedhas
Gozag
Hepliaklqana
Kikubaaqudgha
Makhleb
Nemelex Xobeh
Okawaru
Qazlal
Ru
Sif Muna
Trog
Uskayaw
Vehumet
Wu Jian
Xom
Yredelemnul
Zin
The Shining One
Beogh
Jiyva

Shops:
D:5 (   D:7 *}}**   Orc:2 *(:[

Annotations:
D:14 1 runed translucent door
D:15 Agnes
Lair:2 2 transporters, Niagoesch's ghost, journeyman OgBe


Innate Abilities, Weirdness & Mutations

You are very small and have problems with some larger weapons.
You are too small for most types of armour.
You have supernaturally acute eyesight. (SInv)
You cover ground extremely quickly.


Message History

Things that are here:
a +0 war axe; a cursed +0 robe; 22 gold pieces You puncture the vampire knight!
You burn the vampire knight.
The vampire knight is moderately damaged.
You puncture the vampire knight! You burn the vampire knight.
The vampire knight is heavily damaged.
You block the vampire knight's attack.
The vampire knight bites you but does no damage.
You hit the vampire knight but do no damage.
The vampire knight is heavily damaged.
You hit the vampire knight. You burn the vampire knight.
The vampire knight is heavily damaged.
You hit the vampire knight. You burn the vampire knight.
The vampire knight is heavily damaged.
You hit the vampire knight. You burn the vampire knight.
The vampire knight is severely damaged.
The vampire knight hits you with a +1 war axe of electrocution!!
* * * LOW HITPOINT WARNING * * *
You are electrocuted!
You die...

### ##### ############### ..#
#...# #.............# ..#
#...# #.............# ..#
#...# #.............# ..#
#...# #.............# ..#
###...# #.............# ..#
#.....######.............# ..#
#.#...##...V@............#
..###.....##.#########.......#
..##...##..#.# #.......#
..#..##....#.# #.......#
..###....#.#.# #.......#
..#.....#..#.# #.......#
........#.##.# #.......#
...###.#..##.# #.......#
###....#.....# #.......#


You could see a vampire knight (strong, invisible).

Vanquished Creatures
  Rupert (Lair:6)
  Jorgrun (D:13)
  A thorn hunter (Swamp:4)
  Donald (Swamp:3)
  A fenstrider witch (Swamp:4)
  2 orc warlords
  Aizul (Swamp:2)
  5 very ugly things (D:15)
  A stone giant (D:15)
  A vampire knight (D:15)
  Azrael (D:14)
  3 bunyips
  A minotaur (Gauntlet)
  An ettin (D:14)
  2 eleionomae
  Snorg (Lair:3)
  A shambling mangrove (Swamp:4)
  A great orb of eyes (D:15)
  2 yaktaur captains
  An ice dragon (Depths:1)
  A rakshasa (Depths:1)
  19 hydras
  Erolcha (D:11)
  8 boulder beetles
  A merfolk avatar (Lair:6)
  3 centaur warriors
  A catoblepas (Lair:6)
  7 ghost crabs
  An ogre mage (D:14)
  2 two-headed ogres (D:13)
  10 alligators
  2 deep troll earth magi (D:15)
  A tengu warrior (D:13)
  7 death yaks
  An orc high priest (Orc:2)
  2 spriggan berserkers (Swamp:4)
  4 deep trolls (D:15)
  A flayed ghost (D:8)
  3 goliath frogs
  A sea snake (Lair:6)
  2 unseen horrors
  5 spriggan druids
  12 swamp dragons
  6 bog bodies
  4 orc knights (Orc:2)
  2 wizards (D:15)
  2 necromancers
  An obsidian statue (Gauntlet)
  A harpy (Lair:6)
  5 orc sorcerers
  21 ugly things
  A harpy (shapeshifter) (D:14)
  7 will-o-the-wisps
  5 manticores
  4 oklob plants (Lair:6)
  4 cyclopes
  2 deep elf magi
  6 elephants (Lair:6)
  A slime creature (Gauntlet)
  3 black mambas
  4 centaur zombies
  Maurice (D:13)
  3 apocalypse crabs (Swamp:1)
  3 ice statues (IceCv)
  Psyche (D:11)
  2 torpor snails (Lair:4)
  12 cane toads
  2 gargoyles
  8 komodo dragons
  A kobold demonologist (D:15)
  6 rime drakes (Lair:6)
  2 freezing wraiths
  An efreet (D:15)
  A tengu conjurer (D:13)
  2 yaktaurs (D:13)
  6 polar bears
  7 trolls
  2 wind drakes (Lair:6)
  A harpy skeleton (D:15)
  14 tyrant leeches
  23 hornets
  5 blink frogs (Lair:6)
  4 dream sheep (Lair:4)
  23 spriggans
  2 centaur simulacra (D:15)
  4 wyverns
  2 vampires
  A shadow (D:15)
  9 wraiths
  A yak (shapeshifter) (D:15)
  2 basilisks
  2 fire bats (D:8)
  3 water elementals
  41 yaks
  A steam dragon (Lair:4)
  14 vampire mosquitoes
  3 fire elementals (D:14)
  14 swamp worms
  4 wargs
  15 water moccasins
  4 hell hounds (D:14)
  A soldier ant (D:15)
  9 ice beasts
  7 sky beasts
  13 swamp drakes
  43 orc warriors
  A phantom (D:7)
  3 black bears
  9 ogres
  2 eyes of draining
  A necrophage (D:7)
  7 centaurs
  50 wolves
  A big kobold (D:15)
  A gnoll sergeant (D:6)
  15 bullfrogs
  A wyvern skeleton (D:8)
  A water moccasin zombie (D:10)
  6 scorpions
  3 killer bees (D:9)
  4 wights (D:10)
  2 electric eels
  5 howler monkeys
  A bullfrog zombie (D:8)
  26 orc priests
  6 hounds
  3 jellies
  A bullfrog skeleton (D:11)
  29 orc wizards
  9 centaur skeletons
  3 iguanas
  9 worker ants
  5 yak simulacra (D:14)
  2 wolf simulacra (D:14)
  A killer bee zombie (D:8)
  2 polar bear simulacra (D:14)
  3 hound skeletons
  A howler monkey zombie (D:5)
  Robin (D:2)
  15 gnolls
  A howler monkey skeleton (D:7)
  10 adders
  3 shadow imps
  5 white imps
  2 ufetubi
  An adder zombie (D:5)
  2 adder skeletons
  3 worms
  A dart slug (D:1)
  8 leopard geckos
  64 orcs
  7 giant cockroaches
  22 goblins
  11 hobgoblins
  7 jackals
  29 bats
  5 frilled lizards (D:2)
  A jackal zombie (D:6)
  11 kobolds
  A quokka skeleton (D:5)
  A quokka zombie (D:7)
  3 rats
  2 river rat simulacra (D:14)
  2 butterflies
959 creatures vanquished.

Vanquished Creatures (collateral kills)
  Mara (Swamp:3)
  Roxanne (D:14)
  A death ooze (Gauntlet)
  A goliath frog (Swamp:4)
  A tyrant leech (Swamp:4)
  7 yaks (D:13)
  A jelly (Gauntlet)
13 creatures vanquished.

Vanquished Creatures (others)
  A hydra (Swamp:4)
  2 alligators
  A spriggan druid (Swamp:1)
  A naga mage (D:15)
  2 bloated husks
  A shadow (D:14)
  A fire elemental (D:14)
  A swamp worm (Swamp:3)
  4 bushes
  21 foxfires
  47 fungi
  99 plants
181 creatures vanquished.

Grand Total: 1153 creatures vanquished

Notes
Turn   | Place    | Note
-------+----------+-------------------------------------------
     0 | D:1      | KristoblXynda the Spriggan Berserker began the quest for
                  | the Orb.
     0 | D:1      | Reached XP level 1. HP: 11/11 MP: 2/2
   124 | D:1      | Reached skill level 1 in Stealth
   127 | D:1      | Reached XP level 2. HP: 6/16 MP: 3/3
   369 | D:1      | Reached * piety under Trog
  1041 | D:1      | Reached XP level 3. HP: 19/19 MP: 4/4
  1096 | D:1      | Reached skill level 5 in Dodging
  1235 | D:2      | Noticed Robin
  1494 | D:2      | Killed Robin
  1793 | D:2      | Reached XP level 4. HP: 23/23 MP: 5/5
  2480 | D:2      | Reached ** piety under Trog
  3904 | D:3      | Reached XP level 5. HP: 28/28 MP: 6/6
  4630 | D:3      | Reached skill level 6 in Dodging
  4805 | D:3      | Found a broken altar of Ashenzari.
  5132 | D:3      | Found a shadowy altar of Dithmenos.
  5484 | D:4      | Reached XP level 6. HP: 32/32 MP: 7/7
  6019 | D:5      | Entered Level 5 of the Dungeon
  6396 | D:5      | Reached skill level 5 in Stealth
  6811 | D:5      | Found Plog's Weapon Boutique.
  6855 | D:5      | Reached skill level 5 in Short Blades
  6855 | D:5      | Reached XP level 7. HP: 37/37 MP: 8/8
  7217 | D:5      | Found a staircase to the Ecumenical Temple.
  7223 | Temple   | Entered the Ecumenical Temple
  7616 | D:6      | Reached skill level 7 in Dodging
  8403 | D:6      | Reached *** piety under Trog
  8609 | D:6      | Got a masterwork short sword
  8630 | D:6      | Identified the +8 short sword of Hubris {flame, rC+ Int+4
                  | Stlth+} (You found it on level 6 of the Dungeon)
  8965 | D:6      | Reached skill level 8 in Dodging
  8966 | D:6      | Reached XP level 8. HP: 25/42 MP: 9/9
  9115 | D:6      | Found a hide-covered altar of Uskayaw.
  9119 | D:6      | Noticed a +0 hand axe
  9120 | D:6      | Noticed a +4 dagger
  9826 | D:7      | Reached skill level 5 in Fighting
 10152 | D:7      | Found Ziantayz's Assorted Antiques.
 10165 | D:7      | Bought a scroll labelled ZEDAOCINTA for 29 gold pieces
 10165 | D:7      | Bought a scroll of identify for 58 gold pieces
 10210 | D:7      | Reached skill level 9 in Dodging
 10216 | D:7      | Found Geduug's Gadget Emporium.
 10218 | D:7      | Found Xomo's Assorted Antiques.
 10341 | D:7      | Found a blossoming altar of Fedhas.
 10531 | D:7      | Found Oduneck's Gadget Boutique.
 10544 | D:7      | Found Ubyclaf's General Store.
 10653 | D:7      | Found an ancient bone altar of Kikubaaqudgha.
 10653 | D:7      | Found a shimmering blue altar of Sif Muna.
 10655 | D:7      | Found a radiant altar of Vehumet.
 10659 | D:7      | Identified Vehumet's Reference Book on Conjuration
 10901 | D:8      | Reached XP level 9. HP: 45/45 MP: 10/10
 10997 | D:8      | Reached **** piety under Trog
 11201 | D:8      | Found an opulent altar of Gozag.
 11201 | D:8      | Found a sacrificial altar of Ru.
 11330 | D:8      | Identified the cursed +0 leather armour "Adghuumi" {rF+
                  | Regen+ rCorr}
 11353 | D:8      | Reached skill level 10 in Dodging
 11635 | D:8      | Found a staircase to the Lair.
 11741 | D:8      | Found a runed translucent door.
 11752 | D:8      | Reached skill level 10 in Stealth
 11759 | D:8      | Found an ornate altar of the Wu Jian Council.
 11877 | D:8      | Found a hazy altar of Hepliaklqana.
 11887 | D:8      | Found a hide-covered altar of Uskayaw.
 11909 | D:8      | Reached skill level 1 in Armour
 11914 | D:8      | Found a white marble altar of Elyvilon.
 11922 | D:8      | Noticed a flayed ghost
 11959 | D:8      | Found a glowing silver altar of Zin.
 11964 | D:8      | Found a blossoming altar of Fedhas.
 11984 | D:8      | Reached skill level 11 in Dodging
 12139 | D:8      | Killed a flayed ghost
 12140 | D:8      | Reached XP level 10. HP: 51/51 MP: 11/11
 13344 | D:9      | Reached ***** piety under Trog
 13460 | D:10     | Entered Level 10 of the Dungeon
 13460 | D:10     | Noticed a deep elf mage
 13465 | D:10     | Killed a deep elf mage
 13630 | D:10     | Reached skill level 12 in Dodging
 14080 | D:10     | Noticed a gargoyle
 14098 | D:10     | Killed a gargoyle
 14548 | Lair:1   | Entered Level 1 of the Lair of Beasts
 14551 | Lair:1   | Noticed a five-headed hydra
 14562 | Lair:1   | Killed a five-headed hydra
 14563 | Lair:1   | Reached XP level 11. HP: 56/56 MP: 12/12
 14645 | Lair:1   | Found a gate leading to a gauntlet.
 14661 | Lair:1   | Reached skill level 10 in Short Blades
 14664 | Gauntlet | Entered a Gauntlet
 14664 | Gauntlet | Found a transporter.
 14664 | Gauntlet | Found a transporter.
 14664 | Gauntlet | Noticed an obsidian statue
 14666 | Gauntlet | Noticed a death ooze
 14787 | Gauntlet | Found a transporter.
 14787 | Gauntlet | Found a transporter.
 14790 | Gauntlet | Found a transporter.
 14812 | Gauntlet | Noticed a death ooze
 14884 | Gauntlet | Found a transporter.
 14890 | Gauntlet | Found a transporter.
 14908 | Gauntlet | Found a transporter.
 14909 | Gauntlet | Found a transporter.
 14984 | Gauntlet | Found a transporter.
 14993 | Gauntlet | Found a transporter.
 14997 | Gauntlet | Noticed a sixfirhy
 15005 | Gauntlet | Found a transporter.
 15094 | Gauntlet | Noticed a soul eater
 15104 | Gauntlet | Killed an obsidian statue
 15320 | Gauntlet | Killed a death ooze
 15437 | Gauntlet | Noticed a minotaur
 15455 | Gauntlet | Killed a minotaur
 15456 | Gauntlet | Reached skill level 13 in Dodging
 15674 | Gauntlet | Got a translucent quarterstaff
 15774 | Lair:1   | Noticed an eight-headed hydra
 15778 | Lair:1   | Killed an eight-headed hydra
 16120 | Lair:1   | Reached skill level 1 in Shields
 16456 | Lair:1   | Reached skill level 5 in Armour
 16651 | Lair:1   | Found a transporter.
 16652 | Lair:1   | Noticed a boulder beetle
 16654 | Lair:1   | Found a transporter.
 16654 | Lair:1   | Noticed a boulder beetle
 17109 | D:11     | Noticed an unseen horror
 17114 | D:11     | Killed an unseen horror
 17473 | D:11     | Noticed Erolcha
 17726 | D:11     | Noticed Psyche
 17751 | D:11     | Killed Psyche
 17974 | D:11     | Killed Erolcha
 17975 | D:11     | Reached skill level 14 in Dodging
 18022 | D:11     | Noticed a boulder beetle
 18026 | D:11     | Killed a boulder beetle
 18027 | D:11     | Reached XP level 12. HP: 64/64 MP: 13/13
 19042 | D:12     | Found a sparkling altar of Nemelex Xobeh.
 19505 | D:12     | Found a staircase to the Orcish Mines.
 19612 | D:13     | Noticed a boulder beetle
 19658 | D:13     | Noticed Maurice
 19667 | D:13     | Killed Maurice
 19676 | D:13     | Noticed a yaktaur captain
 19739 | D:13     | Killed a yaktaur captain
 19790 | D:13     | Noticed a tengu warrior
 19944 | D:13     | Killed a tengu warrior
 20058 | D:13     | Found a gate to the Vaults.
 20294 | D:13     | Noticed a two-headed ogre
 20301 | D:13     | Killed a two-headed ogre
 20301 | D:13     | Received a gift from Trog
 20302 | D:13     | Reached skill level 15 in Dodging
 20412 | D:13     | Noticed a boulder beetle
 20419 | D:13     | Killed a boulder beetle
 20644 | D:13     | Killed a boulder beetle
 20820 | D:13     | Noticed a five-headed hydra
 20829 | D:13     | Killed a five-headed hydra
 20830 | D:13     | Reached skill level 1 in Evocations
 20999 | D:13     | Reached XP level 13. HP: 63/68 MP: 14/14
 21020 | D:13     | Noticed Jorgrun
 21071 | D:13     | Reached skill level 5 in Shields
 21082 | D:13     | Killed Jorgrun
 21209 | D:14     | Found a roughly hewn altar of Beogh.
 21483 | D:14     | Noticed Azrael
 21867 | Lair:2   | Reached skill level 5 in Evocations
 22407 | Lair:2   | Identified the amulet of the Briny Deep {Reflect Str+4
                  | Int+3 Dex+3 SH+5 Stlth+}
 22426 | Lair:2   | Found a transporter.
 22454 | Lair:2   | Found a transporter.
 22456 | Lair:2   | Noticed Niagoesch's ghost (journeyman OgBe)
 22681 | Lair:3   | Found a staircase to the Swamp.
 23071 | Lair:3   | Noticed Snorg
 23080 | Lair:3   | Killed Snorg
 23502 | Lair:4   | Found a staircase to the Snake Pit.
 23782 | Lair:4   | Received a gift from Trog
 24712 | Lair:4   | Reached XP level 14. HP: 28/74 MP: 15/15
 25079 | Lair:5   | Found a staircase to the Slime Pits.
 25155 | Lair:5   | Found a viscous altar of Jiyva.
 25844 | Lair:6   | Entered Level 6 of the Lair of Beasts
 25952 | Lair:6   | Noticed Rupert
 25991 | Lair:6   | Killed Rupert
 26062 | Lair:6   | Reached ****** piety under Trog
 26212 | Lair:6   | Received a gift from Trog
 26578 | Lair:6   | Identified the Reference Book on Vitriolic Conjuration
 27130 | Lair:6   | Found the +0 mask of the Dragon {MR+ Slay+3 SInv}
 27707 | Lair:6   | Reached XP level 15. HP: 79/79 MP: 16/16
 27721 | Lair:6   | Identified the Papyrus of the Poisonous Traveller
 28659 | D:14     | Reached skill level 10 in Evocations
 28754 | D:14     | Found a runed translucent door.
 28937 | D:14     | Received a gift from Trog
 28977 | D:14     | Identified a scroll of acquirement
 28978 | D:14     | Acquired the +0 cloak of Muttered Phrases {+Inv +Fly rC++
                  | Dex-4}
 29045 | D:14     | Killed Azrael
 29216 | D:14     | Noticed Roxanne
 29229 | D:14     | Killed Roxanne
 29578 | D:14     | Found a runed translucent door.
 29794 | D:14     | Identified Sif Muna's Almanac of Poison and Enchantment
 30005 | D:14     | Reached skill level 16 in Dodging
 30324 | D:14     | Reached skill level 10 in Fighting
 30326 | D:14     | Noticed a fire giant
 30326 | D:14     | Noticed a tengu reaver
 30389 | D:15     | Entered Level 15 of the Dungeon
 30400 | D:15     | Found a frozen archway.
 30407 | IceCv    | Entered an ice cave
 31150 | D:15     | Found a staircase to the Depths.
 31304 | D:15     | Reached skill level 15 in Short Blades
 31411 | D:15     | Noticed Agnes
 31667 | Swamp:1  | Entered Level 1 of the Swamp
 31890 | Swamp:1  | Received a gift from Trog
 32094 | Swamp:1  | Reached XP level 16. HP: 67/86 MP: 17/17
 32162 | Swamp:1  | Found a runed translucent door.
 32961 | Swamp:1  | Reached skill level 10 in Armour
 32990 | Swamp:1  | Reached skill level 17 in Dodging
 33114 | Swamp:2  | HP: 3/86 [spriggan rider/+0 spear (15)]
 33116 | Swamp:2  | Noticed Aizul
 33337 | Swamp:2  | Killed Aizul
 33442 | Swamp:2  | Identified the cursed +2 rapier of Youthful Indiscretion
                  | {antimagic, Stlth+}
 33801 | Swamp:2  | HP: 4/129 [will-o-the-wisp (12)]
 35043 | Swamp:4  | Entered Level 4 of the Swamp
 35043 | Swamp:4  | Noticed a thorn hunter
 35055 | Swamp:4  | HP: 4/86 [thorn hunter/volley of thorns (23)]
 35975 | Swamp:4  | Received a gift from Trog
 36084 | Swamp:4  | Noticed Mara
 36129 | Swamp:4  | Noticed KristoblXynda's illusion
 36150 | Swamp:3  | Killed Mara
 36226 | Swamp:4  | Killed a thorn hunter
 36284 | Swamp:4  | Reached skill level 18 in Dodging
 36522 | Swamp:4  | Noticed Donald
 36720 | Swamp:3  | Killed Donald
 36756 | Swamp:4  | Reached XP level 17. HP: 38/91 MP: 18/18
 37249 | Swamp:4  | Got a twitching ivory ring
 37250 | Swamp:4  | Identified the ring of Twilight {rN+ EV+4} (You found it on
                  | level 4 of the Swamp)
 37417 | Swamp:4  | Got a decaying rune of Zot
 37991 | Orc:1    | Entered Level 1 of the Orcish Mines
 38719 | Orc:2    | Entered Level 2 of the Orcish Mines
 38722 | Orc:2    | Found a staircase to the Elven Halls.
 38863 | Orc:2    | Received a gift from Trog
 39316 | Orc:2    | Found a roughly hewn altar of Beogh.
 39805 | Orc:2    | Found Deidolug's Antique Armour Emporium.
 39831 | Orc:2    | Found Qunoytto's Antique Weapon Emporium.
 39846 | Orc:2    | Found Coaxo Qou's Book Emporium.
 39862 | Orc:2    | Found Witaokko's General Store.
 39870 | Orc:2    | Bought a potion of haste for 150 gold pieces
 39870 | Orc:2    | Bought a scroll of fear for 52 gold pieces
 40404 | Depths:1 | Entered Level 1 of the Depths
 40708 | D:15     | Received a gift from Trog
 40874 | D:15     | Reached skill level 19 in Dodging
 41606 | Depths:1 | Slain by a vampire knight

Illustrated notes

Levels and vault maps discovered:
D:1:      onia_arrival_pentagram, layout_basic, minivault_27
D:2:      layout_loops_ring, chequers_serial_rivers_micro_e, uniq_robin
D:3:      layout_loops_ring, nicolae_dithmenos_through_a_glass_darkly,
          general_overflow_altar, minivault_23, st_stairs_5, patterned_corridor
D:4:      layout_loops_ring, columned_hall_lemuel
D:5:      layout_loops_cross, temple_green, serial_shops,
          nicolae_shop_temple_entry_statues_fountains, chequers_garden
D:6:      layout_layer_cave, dancing_weapons_uskayaw
D:7:      layout_basic, grunt_temple_overflow_magic_moments,
          lemuel_coloured_pillars_altar, serial_shops, shop, shop,
          kennysheep_mini_moat, shop_fountains, kennysheep_mini
D:8:      due_megacathedral, layout_basic, gammafunk_temple_overflow_wave
D:9:      layout_rooms
D:10:     layout_gridville
D:11:     layout_irregular_city, uniq_psyche, uniq_erolcha
D:12:     layout_long_grid, orc_0_dummy, basic_altar
D:13:     layout_roguey, david_vaults_2, minmay_misc_feat_tower, uniq_jorgrun,
          uniq_maurice
D:14:     minmay_expanding_circles, layout_basic, special_room
          [special_room_orc], serial_bayou_pond_b, eino_house_with_fridge,
          uniq_roxanne, uniq_azrael
D:15:     grunt_enter_depths_magical_seal, layout_gridville,
          portal_ice_cave_entry_pillars_1, dk_noncrumbling_2, uniq_agnes
Temple:   nicolae_temple_figure_eight
Lair:1:   gammafunk_boulding_lane, layout_loops_ring, gauntlet_entry_generic,
          beast_lair_carwin_11
Lair:2:   layout_roguey, gammafunk_ghost_hive, lemuel_fruit_fields
Lair:3:   layout_small_grid, minmay_swamp_entry_worms, special_room
          [special_room_bee], uniq_snorg
Lair:4:   layout_regular_city, dummy_snake_entry, serial_bayou_ford_a,
          lemuel_fruit_fields, lemuel_fruit_tree
Lair:5:   layout_cave_pods, slime_altar_1, minivault_27
Lair:6:   gammafunk_lair_ancient_temple, layout_loops_ring,
          grunt_forest_large_clearings, minmay_lair_oklob_chamber, uniq_rupert
Swamp:1:  gammafunk_mikee_crab_dinner, layout_basic_swamp,
          infiniplex_staircase_pool, nicolae_swamp_round_clearing, swamp_pool2,
          wheals_swamp_sinkhole
Swamp:2:  layout_basic_swamp, infiniplex_staircase_pool_2, uniq_aizul
Swamp:3:  layout_basic_swamp, evilmike_swamp_ruin_rubble_2
Swamp:4:  swamp_basic_johnstein, layout_basic_swamp, swamp_pool5, uniq_mara,
          uniq_donald
Orc:1:    layout_diamond_mine
Orc:2:    grunt_orc_cross, layout_caves, roderic_batcave
Depths:1: layout_long_grid, ziggurat_fallback, kennysheep_decorative_pillar,
          hell_entry, rand_demon_pan_entry_4, serial_sigils_hangedman_snap,
          minmay_hedge_maze, horrible_house_mu, serial_bayou_shore_b

Skill      XL: |  1  2  3  4  5  6  7  8  9 10 11 12 13 14 15 16 17 |
---------------+----------------------------------------------------+-----
Stealth        | 1 2 3 4 5 7 9 10 13 14 | 14.0
Dodging        | 5 6 8 9 11 12 14 15 16 18 19 | 19.2
Fighting       | 3 4 5 6 7 8 9 10 11 | 11.7
Short Blades   | 4 5 6 7 8 9 11 12 13 14 15 16 | 16.9
Armour         | 2 3 5 6 8 9 10 | 10.6
Shields        | 2 4 6 7 8 9 |  9.4
Evocations     | 1 7 9 10 | 10.0

Action                   |  1- 3 |  4- 6 |  7- 9 | 10-12 | 13-15 | 16-18 || total
-------------------------+-------+-------+-------+-------+-------+-------++-------
Melee: Short sword       |    33 |       |   211 |   553 |  2042 |  1363 ||  4202
       Dagger            |   138 |   395 |   111 |       |       |       ||   644
Invok: Berserk           |     4 |    13 |     7 |    17 |    25 |    24 ||    90
       Brothers in Arms  |       |       |       |     1 |     2 |     2 ||     5
       Trog's Hand       |       |       |       |       |     3 |       ||     3
Evoke: Wand              |       |       |     4 |     1 |    37 |    31 ||    73
       Phial of floods   |       |       |       |       |     1 |       ||     1
       Lightning rod     |       |       |       |       |       |     4 ||     4
  Use: Scroll            |       |     5 |     6 |    15 |    14 |    12 ||    52
       Potion            |       |       |     2 |     2 |     7 |     3 ||    14
 Stab: Sleeping          |     4 |    12 |    22 |    46 |    20 |    13 ||   117
       Distracted        |       |       |       |     3 |     4 |     7 ||    14
       Paralysed         |       |       |       |     1 |     2 |     8 ||    11
       Invisible         |       |       |       |       |     5 |       ||     5
       Petrified         |       |       |       |       |     2 |       ||     2
Armor: Animal skin       |    14 |    18 |     8 |     3 |       |       ||    43
       Robe              |       |       |       |     4 |       |       ||     4
       Troll leather arm |       |       |       |    10 |   132 |    81 ||   223
       Swamp dragon scal |       |       |       |       |       |    33 ||    33
Dodge: Dodged            |   156 |   295 |   219 |   277 |  1204 |  1007 ||  3158
Block: Buckler           |       |       |       |    57 |   453 |   469 ||   979

Table legend: (Time is in decaauts)
 A = Elapsed time spent in this place.
 B = Non-inter-level travel time spent in this place.
 C = Inter-level travel time spent in this place.
 D = Time resting spent in this place.
 E = Time spent auto-exploring this place.
 F = Levels seen in this place.
 G = Mean time per level.
                   A        B        C        D        E       F      G
               +--------+--------+--------+--------+--------+-----+--------+
         Total |  32642 |  31010 |   1632 |  14945 |   8892 |  31 | 1053.0 |
       Dungeon |  18729 |  17871 |    858 |   9137 |   5478 |  15 | 1248.6 |
        Temple |    135 |    121 |     14 |      0 |    119 |   1 |  135.0 |
          Lair |   5959 |   5596 |    363 |   2129 |   1974 |   6 |  993.2 |
         Swamp |   5136 |   4836 |    300 |   2517 |    761 |   4 | 1284.0 |
  Orcish Mines |   1262 |   1167 |     95 |    263 |    456 |   2 |  631.0 |
        Depths |    199 |    199 |      0 |     48 |      0 |   1 |  199.0 |
      Ice Cave |    269 |    269 |      0 |    134 |      0 |   1 |  269.0 |
      Gauntlet |    952 |    952 |      0 |    714 |    103 |   1 |  952.0 |
               +--------+--------+--------+--------+--------+-----+--------+

Top non-repeatable levels by time:
     D:3: 2204 daAuts
 Swamp:3: 1837 daAuts
     D:6: 1823 daAuts
     D:8: 1550 daAuts
    D:14: 1542 daAuts
    D:12: 1520 daAuts
    D:15: 1450 daAuts
  Lair:6: 1406 daAuts
  Lair:1: 1380 daAuts
    D:13: 1283 daAuts
     D:1: 1274 daAuts
 Swamp:1: 1225 daAuts
     D:5: 1211 daAuts
 Swamp:4: 1166 daAuts
     D:2: 1160 daAuts
